 Dungeon Crawl Stone Soup version 0.29.1-1-gd02db6906a (webtiles) character file.

Game seed: 5805344939309030999

95 warriortoast the Conjurer (level 4, -7/24 HPs)
             Began as a Deep Elf Conjurer on Oct 11, 2022.
             Killed from afar by Sigmund (10 damage)
             ... with a magic dart
             ... on level 3 of the Dungeon.
             The game lasted 00:06:42 (3153 turns).

warriortoast the Conjurer (Deep Elf Conjurer)       Turns: 3153, Time: 00:06:42

Health: -7/24      AC:  4    Str:  4    XL:     4   Next: 39%
Magic:  3/12       EV: 12    Int: 25    God:
Gold:   288        SH:  0    Dex: 13    Spells: 4/12 levels left

rFire   . . .      SeeInvis +   o - +0 short sword
rCold   . . .      Faith    .   (no shield)
rNeg    . . .      Spirit   .   a - +0 robe
rPois   .          Reflect  .   (no helmet)
rElec   .          Harm     .   (no cloak)
rCorr   .          Rampage  .   p - +1 pair of gloves
Will    .....                   (no boots)
Stlth   +.........              (no amulet)
HPRegen 0.08/turn               j - ring of see invisible
MPRegen 0.13/turn               (no ring)

@: confused
A: no striking features
a: no special abilities


You were on level 3 of the Dungeon.
You visited 1 branch of the dungeon, and saw 3 of its levels.

You collected 288 gold pieces.

Inventory:

Hand Weapons
 o - a +0 short sword (weapon)
Armour
 a - a +0 robe (worn)
 i - the +0 robe "Wegrodi" {-Cast rElec rF+ Will+ Str+4}
   (You found it on level 2 of the Dungeon)

   Str:       It affects your strength (+4).
   rF:        It protects you from fire.
   rElec:     It insulates you from electricity.
   -Cast:     It prevents spellcasting.
   Will:      It increases your willpower.
 p - a +1 pair of gloves (worn)
Jewellery
 j - a ring of see invisible (left hand)
Scrolls
 d - 3 scrolls of identify {unknown}
 e - 2 scrolls of teleportation {unknown}
 g - a scroll of noise {unknown}
 h - a scroll of poison {unknown}
 m - a scroll of blinking {unknown}
Potions
 b - a potion of magic
 c - 2 potions of invisibility {unknown}
 f - a potion of haste {unknown}
 k - a potion of might {unknown}
 l - a potion of curing {unknown}
 n - a potion of lignification {unknown}
 q - a potion of degeneration {unknown}


   Skills:
 - Level 2.4 Dodging
 - Level 2.4 Stealth
 + Level 4.6 Spellcasting
 + Level 5.3 Conjurations
 + Level 2.0 Hexes


You had 4 spell levels left.
You knew the following spells:

 Your Spells              Type           Power      Damage    Failure   Level
a - Magic Dart            Conj           100%       1d8       1%          1
b - Dazzling Flash        Conj/Hex       48%        N/A       5%          3
c - Fulminant Prism       Conj/Hex       12%        3d9       19%         4

Your spell library contained the following spells:

 Spells                   Type           Power      Damage    Failure   Level
 Searing Ray              Conj           64%        2d6       1%          2
 Summon Small Mammal      Summ           20%        N/A       9%          1
 Summon Guardian Golem    Hex/Summ       10%        N/A       17%         3
 Call Canine Familiar     Summ           5%         N/A       26%         3
 Iskenderun's Mystic Bla  Conj/Tloc      19%        2d6       28%         4


Dungeon Overview and Level Annotations

Branches:
Dungeon (3/15)

Altars:

Shops:
D:1 (=[   D:3 *

Annotations:
D:3 Sigmund


Message History

You miscast Dazzling Flash.
You are very lightly contaminated with residual magic.
Nothing appears to happen.
Sigmund zaps a wand.
The puff of flame misses you.
Casting: Dazzling Flash (quite dangerous; 5% risk of failure)
Confirm with . or Enter, or press ? or * to list all spells.
The spell is quite dangerous to miscast (5% risk of failure)!
Continue anyway?
Casting: Dazzling Flash (quite dangerous; 5% risk of failure)
Press: ? - help, Dir - look around, f - activate Sigmund is dazzled.
Sigmund misses you.
The magic dart hits Sigmund.
Sigmund is moderately wounded.
The magic dart hits Sigmund.
Sigmund is heavily wounded.
The magic dart hits Sigmund.
Sigmund is heavily wounded.
You strike the helpless Sigmund from behind!
You hit Sigmund.
Sigmund is severely wounded.
Sigmund points at you and mumbles some strange words.
The magic dart hits you!
You hit Sigmund.
Sigmund is severely wounded.
Sigmund is no longer blind.
Sigmund screams, "Don't try to resist!"
Sigmund casts a spell at you.
You are confused.
Your magical contamination has completely faded away.
You're too confused to cast spells.
Sorry, you're not good enough to have a special ability.
Unknown command.
You bump into the rock wall.
Sigmund casts a spell.
Sigmund flickers and vanishes for a moment.
You hit Sigmund but do no damage.
Sigmund is severely wounded.
Sigmund zaps a wand.
The puff of flame hits you!
* * * LOW HITPOINT WARNING * * *
Sigmund casts a spell at you. The magic dart hits you!
You die...

#.#.#. .∩. #.#.#. ..
## #.#[#. .. ..#
#.#.#. @ #.# #.#.#.
##. #.# #.#.#.
.###..### #.# #.#.#.
........####.# #.#.#.
.........@@#.# #.#.#.
###.....##...# #.#.#.
##....###..## #.#...
###### #...## ##.#.##
##...# #..†...
#######.#.# #..#.##
#.........######..#.#
#...................#
#...)......####..#..#


You could see Sigmund (invisible).

Vanquished Creatures
  Terence (D:3)
  2 adders
  2 orcs
  3 bats
  3 endoplasms
  4 giant cockroaches
  6 goblins
  7 hobgoblins
  3 jackals (D:1)
  2 kobolds
  2 quokkas (D:1)
  3 ball pythons
  3 frilled lizards
  3 rats
44 creatures vanquished.

Vanquished Creatures (others)
  3 toadstools (D:2)
3 creatures vanquished.

Grand Total: 47 creatures vanquished

Notes
Turn   | Place    | Note
-------+----------+-------------------------------------------
     0 | D:1      | warriortoast the Deep Elf Conjurer began the quest for the
                  | Orb.
     0 | D:1      | Reached XP level 1. HP: 10/10 MP: 6/6
    59 | D:1      | Found Ruphexzu's Antique Armour Boutique.
    69 | D:1      | Found Fijaysk's Jewellery Shoppe.
   112 | D:1      | Found Dobrio's Antique Weapon Emporium.
   153 | D:1      | Reached XP level 2. HP: 15/15 MP: 3/8
   788 | D:1      | Reached skill level 5 in Conjurations
   788 | D:1      | Reached XP level 3. HP: 19/19 MP: 6/10
   792 | D:1      | Learned a level 3 spell: Dazzling Flash
   940 | D:1      | Found a faded altar of an unknown god.
  1097 | D:2      | Identified the +0 robe "Wegrodi" {-Cast rElec rF+ Will+
                  | Str+4}
  1296 | D:2      | Reached skill level 1 in Hexes
  2016 | D:3      | Noticed Sigmund
  2915 | D:3      | Reached XP level 4. HP: 24/24 MP: 10/12
  2965 | D:3      | Noticed Terence
  2974 | D:3      | Killed Terence
  3123 | D:3      | Learned a level 4 spell: Fulminant Prism
  3138 | D:3      | Found Zin's Purification Station.
  3153 | D:3      | Killed from afar by Sigmund

Illustrated notes

Levels and vault maps discovered:
D:1:      onia_arrival_pentagram, layout_basic, serial_shops, shop,
          shop_fountains, nicolae_square_shop,
          hellmonk_ecumenical_altar_blasted, grunt_decor_junction
D:2:      layout_basic, minmay_gold_behind_fungi
D:3:      layout_basic, zin_purify, uniq_sigmund, uniq_terence

Skill      XL: |  1  2  3  4 |
---------------+-------------+-----
Spellcasting   | 4 |  4.6
Conjurations   | 5 |  5.3
Hexes          | 1 2 |  2.0
Dodging        | |  2.4
Stealth        | |  2.4

Action                   |  1- 3 |  4- 6 || total
-------------------------+-------+-------++-------
Melee: Unarmed           |     2 |       ||     2
       Short sword       |       |     3 ||     3
 Cast: Magic Dart        |    91 |    15 ||   106
       Dazzling Flash    |     1 |     1 ||     2
 Stab: Invisible         |       |     1 ||     1
Armor: Robe              |     3 |       ||     3
Dodge: Dodged            |     7 |     3 ||    10
